TOP OF THE 1ST |
Miami Whales batting - Pitching for St. Petersburg Saints : RHP Gerardo Moreno
|
Pitching: RHP Gerardo Moreno
|
|
Batting: SHB Ramon Alcantara
|
0-0: Called Strike 0-1: Fly out, F4 (Flyball, 34D, EV 73.8 MPH)
|
Batting: SHB Philip Rossi
|
0-0: Ground out U3 (Groundball, 3L, EV 103.1 MPH)
|
Batting: RHB Tom Grant
|
0-0: Called Strike 0-1: Foul Ball, location: 2F 0-2: Strikes out swinging
|
Top of the 1st over - 0 runs, 0 hits, 0 errors, 0 left on base; Miami 0 - St. Petersburg 0 |
BOTTOM OF THE 1ST |
St. Petersburg Saints batting - Pitching for Miami Whales : RHP Craig Jones
|
Pitching: RHP Craig Jones
|
|
Batting: RHB Jeff Pyburn
|
0-0: Ball 1-0: Foul Ball, location: 2F 1-1: Fly out, F3 (Popup, 3F, EV 66.9 MPH)
|
Batting: LHB Al Leboeuf
|
0-0: Ball 1-0: Foul Ball, location: 2F 1-1: Called Strike 1-2: Ball 2-2: Ball 3-2: Fly out, F6 (Flyball, 6D, EV 74.4 MPH)
|
Batting: LHB Terry Blocker
|
0-0: Called Strike 0-1: Ball 1-1: Swinging Strike 1-2: Foul Ball, location: 2F 1-2: SINGLE (Line Drive, 9S, EV 105.0 MPH)
|
Batting: RHB Rock Coyle
|
0-0: Ball 1-0: Ball 2-0: SINGLE (Line Drive, 89M, EV 99.4 MPH) Terry Blocker to second Runner from 2nd tries for 3rd, SAFE, no throw by RF
|
Batting: RHB Ric Despaux
|
0-0: Ball 1-0: Ball 2-0: Called Strike 2-1: Ball 3-1: Fly out, F8 (Line Drive, 8LD, EV 90.0 MPH)
|
Bottom of the 1st over - 0 runs, 2 hits, 0 errors, 2 left on base; Miami 0 - St. Petersburg 0 |
TOP OF THE 2ND |
Miami Whales batting - Pitching for St. Petersburg Saints : RHP Gerardo Moreno
|
Batting: LHB Lorenzo Bundy
|
0-0: Called Strike 0-1: Foul Ball, location: 2F 0-2: Ground out 4-3 (Groundball, 4D, EV 88.1 MPH)
|
Batting: RHB Steve Benson
|
0-0: Ball 1-0: SINGLE (Line Drive, 56D, EV 95.0 MPH)
|
Batting: RHB Ramon Cardenas
|
0-0: Called Strike 0-1: Foul Ball, location: 2F 0-2: Strikes out looking
|
Batting: RHB Butch Rowe
|
0-0: Swinging Strike 0-1: Called Strike 0-2: Ball 1-2: Ball Steve Benson steals 2nd base 2-2: Ground out 6-3 (Groundball, 6, EV 79.4 MPH)
|
Top of the 2nd over - 0 runs, 1 hit, 0 errors, 1 left on base; Miami 0 - St. Petersburg 0 |
BOTTOM OF THE 2ND |
St. Petersburg Saints batting - Pitching for Miami Whales : RHP Craig Jones
|
Batting: RHB Jerry Johnson
|
0-0: Called Strike 0-1: Swinging Strike 0-2: Ball 1-2: Strikes out swinging
|
Batting: RHB Randy Ingle
|
0-0: Fly out, F8 (Flyball, 8LXD, EV 99.4 MPH)
|
Batting: RHB Roberto Alvarez
|
0-0: Swinging Strike 0-1: Ball 1-1: Foul Ball, location: 2F 1-2: Ball 2-2: Ball 3-2: Strikes out swinging
|
Bottom of the 2nd over - 0 runs, 0 hits, 0 errors, 0 left on base; Miami 0 - St. Petersburg 0 |
TOP OF THE 3RD |
Miami Whales batting - Pitching for St. Petersburg Saints : RHP Gerardo Moreno
|
Batting: SHB Santiago Fernandez
|
0-0: Ball 1-0: Called Strike 1-1: Called Strike 1-2: Ball 2-2: Ground out U3 (Groundball, 34, EV 98.8 MPH)
|
Batting: RHB Jonathan Cordova
|
0-0: SINGLE (Line Drive, 8LS, EV 95.0 MPH)
|
Batting: SHB Ramon Alcantara
|
0-0: Ball 1-0: Foul Ball, location: 2F 1-1: Swinging Strike 1-2: Ball 2-2: Ball 3-2: Base on Balls Jonathan Cordova to second
|
Batting: SHB Philip Rossi
|
0-0: SINGLE (Line Drive, 9S, EV 100.6 MPH) Jonathan Cordova to third Ramon Alcantara to second Runner from 3rd tries for Home, SAFE, throw by RF to home
|
Batting: RHB Tom Grant
|
0-0: Fly out, F8 (Line Drive, 8RD, EV 89.4 MPH)
|
Batting: LHB Lorenzo Bundy
|
0-0: Ball 1-0: 3-RUN HOME RUN (Flyball, 7LD, EV 108.8 MPH), Distance : 345 ft
|
Batting: RHB Steve Benson
|
0-0: Foul Ball, location: 2F 0-1: Swinging Strike 0-2: Fly out, F7 (Flyball, 7LM, EV 92.5 MPH)
|
Top of the 3rd over - 4 runs, 3 hits, 0 errors, 0 left on base; Miami 4 - St. Petersburg 0 |
BOTTOM OF THE 3RD |
St. Petersburg Saints batting - Pitching for Miami Whales : RHP Craig Jones
|
Batting: RHB Pablo Carballo
|
0-0: Ball 1-0: Ball 2-0: SOLO HOME RUN (Flyball, 7LD, EV 96.9 MPH), Distance : 366 ft
|
Batting: RHB Jeff Pyburn
|
0-0: Called Strike 0-1: Called Strike 0-2: Ball 1-2: Ball 2-2: Ball 3-2: Fly out, F9 (Flyball, 9S, EV 78.1 MPH)
|
Batting: LHB Al Leboeuf
|
0-0: SINGLE (Groundball, 6MD, EV 106.9 MPH)
|
Batting: LHB Terry Blocker
|
0-0: Fly out, F5 (Popup, 25F, EV 83.8 MPH)
|
Batting: RHB Rock Coyle
|
0-0: Fielders Choice at 2nd, 6-4 (Groundball, 6, EV 82.5 MPH)
|
Bottom of the 3rd over - 1 run, 2 hits, 0 errors, 1 left on base; Miami 4 - St. Petersburg 1 |
TOP OF THE 4TH |
Miami Whales batting - Pitching for St. Petersburg Saints : RHP Gerardo Moreno
|
Batting: RHB Ramon Cardenas
|
0-0: Called Strike 0-1: Fly out, F8 (Flyball, 8RD, EV 104.4 MPH)
|
Batting: RHB Butch Rowe
|
0-0: Fly out, F6 (Flyball, 6MD, EV 87.5 MPH)
|
Batting: SHB Santiago Fernandez
|
0-0: Ball 1-0: Ball 2-0: Ball 3-0: Base on Balls
|
Batting: RHB Jonathan Cordova
|
0-0: Called Strike 0-1: Called Strike 0-2: Foul Ball, location: 2F 0-2: Ball 1-2: Foul Ball, location: 2F 1-2: Foul Ball, location: 2F 1-2: Ground out 3-1 (Groundball, 34S, EV 82.5 MPH)
|
Top of the 4th over - 0 runs, 0 hits, 0 errors, 1 left on base; Miami 4 - St. Petersburg 1 |
BOTTOM OF THE 4TH |
St. Petersburg Saints batting - Pitching for Miami Whales : RHP Craig Jones
|
Batting: RHB Ric Despaux
|
0-0: Fly out, F4 (Popup, 23, EV 85.6 MPH)
|
Batting: RHB Jerry Johnson
|
0-0: Called Strike 0-1: Foul Ball, location: 2F 0-2: Ball 1-2: Foul Ball, location: 2F 1-2: Strikes out looking
|
Batting: RHB Randy Ingle
|
0-0: Ball 1-0: Ball 2-0: SINGLE (Groundball, 6MD, EV 108.8 MPH)
|
Batting: RHB Roberto Alvarez
|
0-0: SINGLE (Line Drive, 4MD, EV 101.3 MPH) Randy Ingle to second
|
Batting: RHB Pablo Carballo
|
0-0: Called Strike 0-1: Ball 1-1: Foul Ball, location: 2F 1-2: SINGLE (Groundball, 34D, EV 103.8 MPH) (infield hit) Randy Ingle to third Roberto Alvarez to second
|
Batting: RHB Jeff Pyburn
|
0-0: Ball Wild Pitch! Randy Ingle scores Roberto Alvarez to third Pablo Carballo to second 1-0: Called Strike 1-1: Foul Ball, location: 2F 1-2: Fly out, F4 (Popup, 3S, EV 79.4 MPH)
|
Bottom of the 4th over - 1 run, 3 hits, 0 errors, 2 left on base; Miami 4 - St. Petersburg 2 |
TOP OF THE 5TH |
Miami Whales batting - Pitching for St. Petersburg Saints : RHP Gerardo Moreno
|
Batting: SHB Ramon Alcantara
|
0-0: Fly out, F6 (Line Drive, 6, EV 63.8 MPH)
|
Batting: SHB Philip Rossi
|
0-0: Ball 1-0: Fly out, F8 (Line Drive, 8LM, EV 91.9 MPH)
|
Batting: RHB Tom Grant
|
0-0: Ball 1-0: Ball 2-0: Foul Ball, location: 2F 2-1: Foul Ball, location: 2F 2-2: Fly out, F4 (Popup, 34S, EV 76.3 MPH)
|
Top of the 5th over - 0 runs, 0 hits, 0 errors, 0 left on base; Miami 4 - St. Petersburg 2 |
BOTTOM OF THE 5TH |
St. Petersburg Saints batting - Pitching for Miami Whales : RHP Craig Jones
|
Batting: LHB Al Leboeuf
|
0-0: Called Strike 0-1: Ball 1-1: Ball 2-1: SINGLE (Line Drive, 7S, EV 103.8 MPH)
|
Batting: LHB Terry Blocker
|
0-0: Ball 1-0: Fly out, F4 (Flyball, 4D, EV 91.3 MPH)
|
Batting: RHB Rock Coyle
|
0-0: Ball 1-0: Foul Ball, location: 2F 1-1: Foul Ball, location: 2F 1-2: Ball Wild Pitch! Al Leboeuf to second 2-2: Foul Ball, location: 2F 2-2: SINGLE (Flyball, 5D, EV 91.3 MPH) Al Leboeuf to third
|
Batting: RHB Ric Despaux
|
0-0: SINGLE (Flyball, 34D, EV 92.5 MPH) Al Leboeuf scores Rock Coyle to second
|
Batting: RHB Jerry Johnson
|
0-0: Called Strike 0-1: 3-RUN HOME RUN (Flyball, 7D, EV 96.9 MPH), Distance : 355 ft
|
Pitching: LHP Wilfredo Flores
|
|
Batting: RHB Randy Ingle
|
0-0: Called Strike 0-1: Ball 1-1: Swinging Strike 1-2: Strikes out swinging, 2-3 out at first.
|
Batting: RHB Roberto Alvarez
|
0-0: Ball 1-0: Called Strike 1-1: Ball 2-1: Ball 3-1: Base on Balls
|
Batting: RHB Pablo Carballo
|
0-0: Called Strike 0-1: Ball 1-1: Fly out, F8 (Flyball, 8LM, EV 79.4 MPH)
|
Bottom of the 5th over - 4 runs, 4 hits, 0 errors, 1 left on base; Miami 4 - St. Petersburg 6 |
TOP OF THE 6TH |
Miami Whales batting - Pitching for St. Petersburg Saints : RHP Gerardo Moreno
|
Batting: LHB Lorenzo Bundy
|
0-0: Called Strike 0-1: Ball 1-1: Ball 2-1: Ground out 4-3 (Groundball, 4S, EV 86.3 MPH)
|
Batting: RHB Steve Benson
|
0-0: SOLO HOME RUN (Flyball, 7D, EV 92.5 MPH), Distance : 362 ft
|
Pitching: LHP James Haight
|
|
Batting: RHB Ramon Cardenas
|
0-0: Foul Ball, location: 2F 0-1: SINGLE (Line Drive, 8RS, EV 93.1 MPH)
|
Batting: RHB Butch Rowe
|
0-0: Ball 1-0: Swinging Strike 1-1: Swinging Strike 1-2: Foul Ball, location: 2F 1-2: Foul Ball, location: 2F 1-2: Fly out, F9 (Flyball, 89S, EV 85.6 MPH)
|
Batting: SHB Santiago Fernandez
|
0-0: Foul Ball, location: 2F 0-1: Ball 1-1: Foul Ball, location: 2F 1-2: Fielders Choice at 2nd, 5-4 (Groundball, 5, EV 86.9 MPH)
|
Top of the 6th over - 1 run, 2 hits, 0 errors, 1 left on base; Miami 5 - St. Petersburg 6 |
BOTTOM OF THE 6TH |
St. Petersburg Saints batting - Pitching for Miami Whales : LHP Wilfredo Flores
|
Batting: RHB Jeff Pyburn
|
0-0: Ball 1-0: Ball 2-0: Called Strike 2-1: Called Strike 2-2: Strikes out swinging
|
Batting: LHB Al Leboeuf
|
0-0: Called Strike 0-1: Foul Ball, location: 2F 0-2: Ball 1-2: Strikes out swinging
|
Batting: LHB Terry Blocker
|
0-0: Called Strike 0-1: Ball 1-1: DOUBLE (Line Drive, 89D, EV 104.4 MPH)
|
Batting: RHB Rock Coyle
|
0-0: Ball Wild Pitch! Terry Blocker to third 1-0: Ball 2-0: 2-RUN HOME RUN (Line Drive, 7D, EV 101.3 MPH), Distance : 366 ft
|
Batting: RHB Ric Despaux
|
0-0: Foul Ball, location: 2F 0-1: Swinging Strike 0-2: Ball 1-2: Ball 2-2: Strikes out swinging
|
Bottom of the 6th over - 2 runs, 2 hits, 0 errors, 0 left on base; Miami 5 - St. Petersburg 8 |
TOP OF THE 7TH |
Miami Whales batting - Pitching for St. Petersburg Saints : LHP James Haight
|
Batting: RHB Jonathan Cordova
|
0-0: Called Strike 0-1: Ball 1-1: Foul Ball, location: 2F 1-2: SINGLE (Groundball, 6S, EV 65.6 MPH) (infield hit)
|
Batting: SHB Ramon Alcantara
|
0-0: Ball 1-0: Called Strike 1-1: Swinging Strike Passed Ball! Jonathan Cordova to second 1-2: Ball 2-2: Fly out, F6 (Popup, 6MS, EV 65.6 MPH)
|
Pitching: RHP Michael Nedelisky
|
|
Batting: SHB Philip Rossi
|
0-0: Called Strike 0-1: Ball 1-1: Foul Ball, location: 2F 1-2: Ball 2-2: Ball 3-2: Ground out U3 (Groundball, 13, EV 83.1 MPH) Jonathan Cordova to third
|
Batting: RHB Tom Grant
|
0-0: Foul Ball, location: 2F 0-1: Called Strike 0-2: Reached on error, E5 (Groundball, 56, EV 98.8 MPH) Jonathan Cordova scores
|
Batting: LHB Lorenzo Bundy
|
0-0: Ball 1-0: Ball 2-0: Foul Ball, location: 2F 2-1: Ball 3-1: Base on Balls Tom Grant to second
|
Batting: RHB Steve Benson
|
0-0: Ball 1-0: SINGLE (Line Drive, 5D, EV 108.8 MPH) Tom Grant to third Lorenzo Bundy to second Runner from 3rd tries for Home, SAFE, throw by LF to home
|
Batting: RHB Ramon Cardenas
|
0-0: Ball 1-0: Foul Ball, location: 2F 1-1: Fly out, F9 (Flyball, 9, EV 86.3 MPH)
|
Top of the 7th over - 2 runs, 2 hits, 1 error, 2 left on base; Miami 7 - St. Petersburg 8 |
BOTTOM OF THE 7TH |
St. Petersburg Saints batting - Pitching for Miami Whales : LHP Wilfredo Flores
|
Batting: RHB Jerry Johnson
|
0-0: Ball 1-0: Ball 2-0: SINGLE (Line Drive, 8LS, EV 95.6 MPH)
|
Batting: RHB Randy Ingle
|
0-0: Ball 1-0: Grounds into double play, 6-4-3 (Groundball, 6, EV 101.9 MPH)
|
Batting: RHB Roberto Alvarez
|
0-0: Ball 1-0: Called Strike 1-1: Foul Ball, location: 2F 1-2: Foul Ball, location: 2F 1-2: Hit by Pitch
|
Pitching: RHP Michael Befort
|
|
Batting: RHB Pablo Carballo
|
0-0: Foul Ball, location: 2F 0-1: Ball Wild Pitch! Roberto Alvarez to second 1-1: Ground out 4-3 (Groundball, 4, EV 95.6 MPH)
|
Bottom of the 7th over - 0 runs, 1 hit, 0 errors, 1 left on base; Miami 7 - St. Petersburg 8 |
TOP OF THE 8TH |
Miami Whales batting - Pitching for St. Petersburg Saints : RHP Michael Nedelisky
|
Now in CF: Francisco Escalera
|
|
Batting: RHB Butch Rowe
|
0-0: Called Strike 0-1: Foul Ball, location: 2F 0-2: Foul Ball, location: 2F 0-2: Ball 1-2: Strikes out looking
|
Pitching: RHP Scott Dwyer
|
|
Batting: SHB Santiago Fernandez
|
0-0: Ball 1-0: Called Strike 1-1: Ball 2-1: Ball 3-1: Base on Balls
|
Batting: RHB Jonathan Cordova
|
0-0: Foul Ball, location: 2F 0-1: Called Strike 0-2: Ball 1-2: Ball 2-2: Foul Ball, location: 2F 2-2: SINGLE (Groundball, 6D, EV 95.6 MPH) Santiago Fernandez to second
|
Batting: SHB Ramon Alcantara
|
0-0: Ball 1-0: Ball 2-0: Ball 3-0: Base on Balls Santiago Fernandez to third Jonathan Cordova to second
|
Pinch Hitting: LHB Brad Garnett
|
0-0: Called Strike 0-1: SINGLE (Groundball, 34, EV 86.3 MPH) (infield hit) Santiago Fernandez scores Jonathan Cordova to third Ramon Alcantara to second
|
Batting: RHB Tom Grant
|
0-0: Ball 1-0: Foul Ball, location: 2F 1-1: Grounds into double play, 6-2-3 (Groundball, 6S, EV 63.8 MPH)
|
Top of the 8th over - 1 run, 2 hits, 0 errors, 2 left on base; Miami 8 - St. Petersburg 8 |
BOTTOM OF THE 8TH |
St. Petersburg Saints batting - Pitching for Miami Whales : RHP Michael Befort
|
Now at SS: Alex Dominguez
|
|
Batting: RHB Jeff Pyburn
|
0-0: Fly out, F7 (Flyball, 7LM, EV 103.8 MPH)
|
Batting: LHB Al Leboeuf
|
0-0: Swinging Strike 0-1: Swinging Strike 0-2: Strikes out swinging
|
Batting: LHB Terry Blocker
|
0-0: Swinging Strike 0-1: Swinging Strike 0-2: SINGLE (Flyball, 78S, EV 97.5 MPH)
|
Batting: RHB Rock Coyle
|
0-0: Foul Ball, location: 2F 0-1: Ball 1-1: Ball 2-1: SINGLE (Groundball, 13, EV 91.3 MPH) (infield hit) Terry Blocker to second
|
Batting: RHB Francisco Escalera
|
0-0: Foul Ball, location: 2F 0-1: Ball 1-1: Swinging Strike 1-2: Strikes out swinging
|
Bottom of the 8th over - 0 runs, 2 hits, 0 errors, 2 left on base; Miami 8 - St. Petersburg 8 |
TOP OF THE 9TH |
Miami Whales batting - Pitching for St. Petersburg Saints : RHP Scott Dwyer
|
Pitching: RHP Edgardo Santana
|
|
Batting: LHB Lorenzo Bundy
|
0-0: Called Strike 0-1: Foul Ball, location: 2F 0-2: Foul Ball, location: 2F 0-2: Ball 1-2: Reached on error, E6 (Groundball, 6, EV 81.3 MPH)
|
Batting: RHB Steve Benson
|
0-0: Swinging Strike 0-1: Ball 1-1: Foul Ball, location: 2F 1-2: Strikes out swinging
|
Batting: RHB Ramon Cardenas
|
0-0: Sac Bunt to 13 - play at first, batter OUT! 1-4 Lorenzo Bundy to second
|
Batting: RHB Butch Rowe
|
0-0: Foul Ball, location: 2F 0-1: Ball 1-1: Fly out, F3 (Popup, 3S, EV 67.5 MPH)
|
Top of the 9th over - 0 runs, 0 hits, 1 error, 1 left on base; Miami 8 - St. Petersburg 8 |
BOTTOM OF THE 9TH |
St. Petersburg Saints batting - Pitching for Miami Whales : RHP Michael Befort
|
Batting: RHB Jerry Johnson
|
0-0: Called Strike 0-1: SINGLE (Groundball, 56, EV 105.6 MPH)
|
Batting: RHB Randy Ingle
|
0-0: SINGLE (Groundball, 6MD, EV 111.3 MPH) Jerry Johnson to second
|
Pinch Hitting: LHB Omar de la Torre
|
0-0: SINGLE (Line Drive, 6MD, EV 96.3 MPH) Jerry Johnson to third Randy Ingle to second
|
Batting: RHB Pablo Carballo
|
0-0: DOUBLE (Flyball, 3D, EV 94.4 MPH) Jerry Johnson scores
|
Bottom of the 9th over - 1 run, 4 hits, 0 errors, 0 left on base; Miami 8 - St. Petersburg 9 |
|